 Dungeon Crawl Stone Soup version 0.25-a0-110-ge29c8f2358 (webtiles) character file.

Game seed: 8605677700530626622, levelgen mode: deterministic

3353 Esekla the Magician (level 9, -4/66 HPs)
             Began as a Demonspawn Wanderer on Nov 19, 2019.
             Was a Believer of Yredelemnul.
             Slain by a death yak (24 damage)
             ... on level 8 of the Dungeon on Nov 20, 2019.
             The game lasted 01:11:54 (8268 turns).

Esekla the Magician (Demonspawn Wanderer)           Turns: 8268, Time: 01:11:55

Health: -4/66      AC:  4    Str: 16    XL:     9   Next: 72%
Magic:  1/18       EV: 18    Int: 19    God:    Yredelemnul [**....]
Gold:   364        SH:  0    Dex: 15    Spells: 9/20 levels left

rFire    . . .     SeeInvis .   v - +3 dagger (venom)
rCold    . . .     Gourm    .   (no shield)
rNeg     . . .     Faith    .   d - +0 robe
rPois    .         Spirit   .   (helmet restricted)
rElec    .         Reflect  .   p - +0 cloak
rCorr    .         Harm     .   g - +0 pair of gloves
MR       .....                  (no boots)
Stlth    +++.......             (no amulet)
HPRegen  0.21/turn              u - +3 ring of intelligence
MPRegen  0.16/turn              (no ring)

@: agile, injury mirror
A: horns 2, powered by pain 2
a: Animate Remains, Recall Undead Slaves, Injury Mirror, Renounce Religion


You were on level 8 of the Dungeon.
You worshipped Yredelemnul.
Yredelemnul was pleased with you.
You were not hungry.

You visited 1 branch of the dungeon, and saw 8 of its levels.

You collected 364 gold pieces.

Inventory:

Hand Weapons
 a - a +0 hand axe
 c - a +0 dagger
 e - a +0 falchion
 j - a +0 rapier of flaming
 t - a +0 trident
 v - a +3 dagger of venom (weapon)
Armour
 d - a +0 robe (worn)
 g - a +0 pair of gloves (worn)
 p - a +0 cloak (worn)
Jewellery
 u - a +3 ring of intelligence (left hand)
Wands
 n - a wand of digging (8)
 w - a wand of random effects (16)
 x - a wand of flame (19)
Scrolls
 k - a scroll of summoning {unknown}
 o - 5 scrolls of remove curse
 q - 2 scrolls of immolation {unknown}
 r - a scroll of fog {unknown}
 s - 2 scrolls of teleportation {unknown}
 y - 2 scrolls of enchant weapon
 D - 2 scrolls of enchant armour {unknown}
 E - a scroll of blinking {unknown}
Potions
 b - a potion of ambrosia
 h - 2 potions of agility
 i - 2 potions of lignification
 l - 3 potions of curing
 m - 3 potions of heal wounds
 A - a potion of magic
 B - a potion of flight {unknown}
 C - a potion of mutation {unknown}
Comestibles
 f - 7 rations


   Skills:
 + Level 4.6 Fighting
 + Level 2.9 Short Blades
   Level 1.0 Crossbows
 - Level 1.0 Throwing
 + Level 1.0 Armour
 + Level 2.5 Dodging
 - Level 3.1 Stealth
   Level 1.0 Shields
 * Level 6.1 Spellcasting
 + Level 3.3 Conjurations
 + Level 3.2 Translocations
   Level 1.0 Transmutations
 * Level 3.8 Fire Magic
 + Level 3.5 Air Magic
 * Level 5.7 Poison Magic
 + Level 0.6 Invocations


You had 9 spell levels left.
You knew the following spells:

 Your Spells              Type           Power        Failure   Level  Hunger
a - Magic Dart            Conj           ###.         2%          1    None
b - Blink                 Tloc           N/A          4%          2    None
c - Mephitic Cloud        Conj/Pois/Air  ###.....     6%          3    ##.....
f - Conjure Flame         Conj/Fire      ###.....     8%          3    ##.....
v - Poisonous Vapours     Pois/Air       ###...       2%          2    None

Your spell library contained the following spells:

 Spells                   Type           Power        Failure   Level  Hunger
 Swiftness                Chrm/Air       ##......     9%          2    None
 Call Imp                 Summ           #.......     17%         2    None
 Slow                     Hex            #.......     17%         2    None


Dungeon Overview and Level Annotations

Branches:
Dungeon (8/15)             Temple (0/1) D:4            Lair (0/6) D:8

Altars:
Ashenzari
Wu Jian
Yredelemnul
Zin

Shops:
D:4 }


Innate Abilities, Weirdness & Mutations

You have a pair of horns on your head.
You sometimes gain power by taking damage.


Message History

You kill the death yak!
Yredelemnul accepts your kill.
Your Spellcasting skill increases to level 6!
Casting: Conjure Flame (safe; 8% risk of failure)
Confirm with . or Enter, or press ? or * to list all spells.
Aiming: Poisonous Vapours (safe; 2% risk of failure)
Press: ? - help, Dir - move target cursor, f - death yak
Aim: a death yak Poisonous vapours surround the death yak!
The death yak is engulfed in poison gas.
The death yak is poisoned.
The orc wizard mumbles some strange words.
The orc wizard blinks!
You hit the death yak but do no damage.
The death yak looks even sicker.
You headbutt the death yak, but do no damage.
The death yak is lightly wounded.
The death yak is engulfed in blazing flames.
The death yak gores you!!
You die...
Your body rises from the dead as a mindless zombie.

#+########
####........#
######..)..#####.###
#<............รท..#..
#...).........#..#.#
##.###.)...##.#..#.#
#.# #.....##@#..#.#
#.# #.....##Y#....#
#.# #.....##)#....#
#.# #.....##o#.[..+
#.# ########Y#.....
#.# #Z.....o. #.#
##.##.o... #.........
.....#.Y...


You could see 2 death yaks, an orc and a bullfrog skeleton.

Vanquished Creatures
  A death yak (D:8)
  An unseen horror (D:7)
  Prince Ribbit (D:7)
  Eustachio (D:5)
  2 ice beasts
  A black bear (D:8)
  2 sky beasts
  2 ogres
  2 centaurs
  A crocodile (D:7)
  A bullfrog (D:6)
  2 scorpions (D:6)
  2 crimson imps
  2 bullfrog zombies
  A hound (D:5)
  A centaur zombie (D:6)
  2 orc priests
  A bullfrog skeleton (D:6)
  Ijyb (D:1)
  8 worker ants
  An iguana (D:7)
  5 orc wizards
  A killer bee zombie (D:7)
  A howler monkey zombie (D:7)
  4 gnolls (D:3)
  A river rat (D:4)
  9 adders
  2 shadow imps (D:5)
  3 adder skeletons
  5 worms
  5 leopard geckos
  14 orcs
  4 ball pythons
  8 bats
  7 giant cockroaches
  11 goblins
  11 hobgoblins
  3 jackals (D:5)
  7 kobolds
  2 quokkas
  3 frilled lizards
  A jackal skeleton (D:4)
  A leopard gecko skeleton (D:5)
  A quokka zombie (D:5)
  14 rats
159 creatures vanquished.

Vanquished Creatures (collateral kills)
  A ball python (D:4)
1 creature vanquished.

Grand Total: 160 creatures vanquished

Notes
Turn   | Place    | Note
-------+----------+-------------------------------------------
     0 | D:1      | Esekla the Demonspawn Wanderer began the quest for the Orb.
     0 | D:1      | Esekla set off with the following items: a +0 hand axe, a
                  | +0 robe, a ration; and the following spell memorised: Magic
                  | Dart; and the following spells available to memorise:
                  | Poisonous Vapours, Swiftness, Blink, Call Imp, Slow,
                  | Mephitic Cloud, Conjure Flame
     0 | D:1      | Reached XP level 1. HP: 18/18 MP: 2/2
   470 | D:1      | Gained mutation: You sometimes gain a little power by
                  | taking damage. [demonic ancestry]
   470 | D:1      | Reached XP level 2. HP: 20/24 MP: 0/3
   545 | D:1      | Learned a level 2 spell: Poisonous Vapours
  1641 | D:2      | Reached XP level 3. HP: 25/30 MP: 0/5
  1848 | D:2      | Learned a level 2 spell: Blink
  2136 | D:1      | HP: 1/30 [worm (12)]
  2744 | D:2      | Reached skill level 1 in Conjurations
  2754 | D:2      | Noticed Ijyb
  2924 | D:2      | Gained mutation: You have a pair of small horns on your
                  | head. [demonic ancestry]
  2924 | D:2      | Reached XP level 4. HP: 37/37 MP: 0/6
  3055 | D:2      | Reached skill level 2 in Spellcasting
  3108 | D:2      | Reached skill level 1 in Translocations
  3292 | D:1      | Killed Ijyb
  3292 | D:1      | Reached skill level 1 in Poison Magic
  3559 | D:2      | Found a faded altar of an unknown god.
  3579 | D:2      | Became a worshipper of Yredelemnul the Dark
  3579 | D:2      | Reached * piety under Yredelemnul
  4098 | D:3      | Gained mutation: You have a pair of horns on your head.
                  | [demonic ancestry]
  4098 | D:3      | Reached XP level 5. HP: 19/42 MP: 5/8
  4612 | D:4      | Found a staircase to the Ecumenical Temple.
  4743 | D:4      | Found Jexadiurgh's Gadget Emporium.
  4846 | D:4      | You fall into a shaft and drop 3 floors!
  4864 | D:7      | Reached XP level 6. HP: 43/48 MP: 8/10
  4869 | D:7      | Learned a level 3 spell: Conjure Flame
  4875 | D:7      | Reached skill level 1 in Dodging
  4889 | D:7      | Noticed Prince Ribbit
  4899 | D:7      | Killed Prince Ribbit
  4899 | D:7      | Reached ** piety under Yredelemnul
  4899 | D:7      | Reached skill level 3 in Spellcasting
  4921 | D:6      | Noticed an ice beast
  5006 | D:7      | Noticed a sky beast
  5028 | D:7      | Reached skill level 1 in Stealth
  5032 | D:7      | Reached XP level 7. HP: 19/54 MP: 6/11
  5121 | D:7      | Reached skill level 1 in Short Blades
  5558 | D:6      | Reached skill level 1 in Fire Magic
  5827 | D:6      | Reached skill level 4 in Spellcasting
  5827 | D:6      | Gained mutation: You sometimes gain power by taking damage.
                  | [demonic ancestry]
  5827 | D:6      | Reached XP level 8. HP: 54/60 MP: 4/14
  5927 | D:5      | Entered Level 5 of the Dungeon
  5977 | D:5      | Found a glowing silver altar of Zin.
  6014 | D:5      | Noticed Eustachio
  6025 | D:5      | Killed Eustachio
  6328 | D:5      | Found a shattered altar of Ashenzari.
  6485 | D:5      | Reached *** piety under Yredelemnul
  6485 | D:5      | Reached skill level 5 in Spellcasting
  6647 | D:5      | Found an ornate altar of the Wu Jian Council.
  7190 | D:4      | Learned a level 3 spell: Mephitic Cloud
  7240 | D:4      | Received a gift from Yredelemnul (a mummy)
  7786 | D:7      | Reached XP level 9. HP: 46/66 MP: 16/16
  7955 | D:7      | Killed an unseen horror
  7955 | D:7      | Reached skill level 5 in Poison Magic
  8205 | D:8      | Noticed a death yak
  8252 | D:8      | Found a staircase to the Lair.
  8252 | D:8      | Noticed a death yak
  8253 | D:8      | Noticed a death yak
  8266 | D:8      | Killed a death yak
  8266 | D:8      | Reached skill level 6 in Spellcasting
  8268 | D:8      | Slain by a death yak

Levels and vault maps discovered:
D:1:      sevenhm_arrival_forest_fort_large_1, layout_basic, minmay_pentomino_q2
D:2:      kennysheep_the_goblin_king, layout_basic,
          chequers_ecumenical_altar_simple
D:3:      layout_basic, corexii_leaking_fountain
D:4:      layout_basic, minmay_temple_entry_mini_moons, portal_sewer_entry_e,
          first_ration, serial_shops, shop, minmay_curled_crystal,
          nrook_loot_triangle, lightli_corner_chamber
D:5:      layout_loops_ring, kennysheep_mini_moat, marbit_many_paths,
          basic_altar, uniq_eustachio
D:6:      layout_basic
D:7:      layout_rooms, minivault_5, uniq_prince_ribbit1
D:8:      layout_basic, dpeg_lair_monsters, ebering_ghost_rock_garden,
          serial_shops, nicolae_shop_window_shopping

Skill      XL: |  1  2  3  4  5  6  7  8  9 |
---------------+----------------------------+-----
Conjurations   | 1 2 3 |  3.3
Spellcasting   | 2 3 4 5 6 |  6.1
Translocations | 1 2 3 |  3.2
Poison Magic   | 1 2 3 4 5 |  5.7
Dodging        | 1 2 |  2.5
Fighting       | 4 |  4.6
Air Magic      | 2 3 |  3.5
Stealth        | 1 2 3 |  3.1
Short Blades   | 1 2 |  2.9
Fire Magic     | 1 3 |  3.8
Crossbows      | |  1.0
Throwing       | |  1.0
Armour         | |  1.0
Shields        | |  1.0
Transmutations | |  1.0
Invocations    | |  0.6

Action                   |  1- 3 |  4- 6 |  7- 9 || total
-------------------------+-------+-------+-------++-------
Melee: Hand axe          |    11 |       |       ||    11
       Dagger            |    85 |    90 |   154 ||   329
       Headbutt          |       |    17 |    30 ||    47
       Trident           |       |       |    14 ||    14
       Rapier            |       |       |     1 ||     1
 Cast: Magic Dart        |    15 |       |     3 ||    18
       Poisonous Vapours |    31 |    49 |    62 ||   142
       Conjure Flame     |       |       |     5 ||     5
       Blink             |       |       |     2 ||     2
       Mephitic Cloud    |       |       |     2 ||     2
Invok: Injury Mirror     |       |       |     2 ||     2
  Use: Scroll            |       |     6 |     4 ||    10
       Potion            |       |     1 |       ||     1
 Stab: Sleeping          |     1 |       |     7 ||     8
  Eat: Chunk             |     6 |     7 |    13 ||    26
       Ration            |     1 |     1 |       ||     2
Armor: Robe              |    27 |    49 |    23 ||    99
Dodge: Dodged            |    70 |    93 |    70 ||   233

Table legend:
 A = Non-vault XP
 B = Vault XP
 C = Vault XP percentage of total XP
 D = Non-vault monster count
 E = Vault monster count
 F = Vault count percentage of total count
                 A         B        C        D         E       F
            +---------+---------+-------+---------+---------+-------
      Total |    3423 |    1367 |  28.5 |     138 |      22 |  13.8
            +---------+---------+-------+---------+---------+-------
        D:1 |      39 |      40 |  50.6 |      23 |       4 |  14.8
        D:2 |      78 |      12 |  13.3 |      23 |       6 |  20.7
        D:3 |     120 |       0 |   0.0 |      17 |       0 |   0.0
        D:4 |     210 |      24 |  10.3 |      11 |       8 |  42.1
        D:5 |     551 |     190 |  25.6 |      20 |       2 |   9.1
        D:6 |     882 |       0 |   0.0 |      21 |       0 |   0.0
        D:7 |    1325 |     237 |  15.2 |      17 |       1 |   5.6
        D:8 |     218 |     864 |  79.9 |       6 |       1 |  14.3
            +---------+---------+-------+---------+---------+-------
